 Dungeon Sprint DCSS version 0.17-a0-1646-geb1493d (webtiles) character file.

1075 nuthulu the Grappler (level 8, -1/92 HPs)
             Began as a Troll Berserker on Aug 10, 2015.
             Was a Priest of Trog.
             Slain by a tentacle (21 damage)
             ... attached to a kraken
             ... in the Dungeon (Sprint II: "The Violet Keep of Menkaure").
             The game lasted 00:02:21 (762 turns).

nuthulu the Grappler (Troll Berserker)               Turns: 762, Time: 00:02:22

Health: -1/92      AC:  7    Str: 26    XL:     8   Next: 8%
Magic:  7/7        EV: 13    Int: -3 (3) God:    Trog [***...]
Gold:   263        SH:  0    Dex: 11    Spells: 0 memorised, 7 levels left

rFire  . . .     SeeInvis .       - Unarmed
rCold  . . .     Clarity  .     a - +0 animal skin
rNeg   . . .     SustAt   .     (no shield)
rPois  .         Gourm    +     i - +1 hat
rElec  .         Spirit   .     j - +0 cloak
rCorr  .         Warding  .     (gloves unavailable)
rMut   .         NoTele   +     (boots unavailable)
MR     .....                    (no amulet)
Stlth  +.........               (no ring)
                                (no ring)

@: slowed, lost intelligence, very slow, not resistant to hostile enchantments,
very unstealthy
A: unfitting armour, claws 3, fast metabolism 3, gourmand, regeneration 2,
shaggy fur 1, tough skin 2
a: Burn Spellbooks, Berserk, Trog's Hand, Renounce Religion


You were in the Dungeon.
You worshipped Trog.
Trog was most pleased with you.
You were not hungry.

You visited 1 branch You collected 972 gold pieces.
You spent 709 gold pieces at shops.

Inventory:

Armour
 a - a +0 animal skin (worn)
 i - a +1 hat (worn)
 j - a +0 cloak (worn)
Magical devices
 k - a wand of fireball (7)
Scrolls
 h - a scroll of blinking
Potions
 c - a potion of curing
 d - 5 potions of heal wounds
 e - a potion of haste
 f - 2 potions of magic
 g - a potion of berserk rage


   Skills:
 + Level 9.1 Fighting
 + Level 9.1 Dodging
 + Level 10.6 Unarmed Combat


You had 7 spell levels left.
You didn't know any spells.

Dungeon Overview and Level Annotations

Branches:
Dungeon (1/1)

Altars:

Shops:
D ?:==:(=%!(}![(([

Annotations:
D exclusion: oklob plant


Innate Abilities, Weirdness & Mutations

You are too large for most types of armour.
You have claws for hands.
Your metabolism is lightning-fast.
You like to eat raw meat.
You heal very quickly.
You are covered in fur (AC +1).
You have very tough skin (AC +2).


Message History

The crocodile is moderately wounded.
The crocodile completely misses you.
You mangle the crocodile!!
You kill the crocodile!
Trog accepts your kill.
Your Fighting skill increases to level 9!
The tentacle slaps you but does no damage.
You completely miss the tentacle. The tentacle closely misses you.
A slime creature suddenly disappears!
The tentacle slaps you!
You closely miss the tentacle. The tentacle slaps you! The tentacle slaps you!
Really walk into a travel-excluded area?
The tentacle barely misses you. The tentacle slaps you!!
* * * LOW HITPOINT WARNING * * *
A tentacle is nearby!
A slime creature suddenly disappears!
The tentacle slaps you.
* * * LOW HITPOINT WARNING * * *
You mangle the tentacle!! Your claw misses the tentacle.
The tentacle is heavily wounded.
The tentacle closely misses you. The tentacle slaps you!!
You die...

###########≈≈≈*..
##∩.∩.....#≈≈≈≈X## ##
##.∩.∩....#≈≈≈{##. .##
##..∩.∩...#≈≈{≈#..#..#
##...∩.∩..#≈{####...# ##
##....∩.⌠.#{##.###+###.#
##...∩.∩..#{#...##.##..#
##..∩.∩...*≈'.#)'.<.'.##+
##.∩.∩..@w#≈#...##.##.#.#
#▓▓▓▓▓▓▓###≈##.###'###.#
##=J$######≈≈####..# ###
#$?.#YY ##≈≈≈#..##
#∩PJ+Y.#+ +#≈##.#
#$..#!##§# ≈≈##+
#=.$###≈≈§ ≈≈ ##+###≈§§§


You could see a kraken, a slime creature, an oklob plant and a tentacle.

Vanquished Creatures
  A siren (D)
  4 necrophages (D)
  A crocodile (D)
  4 brain worms (D)
  2 worms (D)
12 creatures vanquished.

Vanquished Creatures (others)
  3 tentacles (D)
  179 tentacle segments (D)
182 creatures vanquished.

Grand Total: 194 creatures vanquished

Notes
Turn   | Place    | Note
--------------------------------------------------------------
     0 | D        | nuthulu the Troll Berserker began the quest for the Orb.
     0 | D        | Reached XP level 1. HP: 22/22 MP: 0/0
     1 | D        | Noticed a siren
    12 | D        | Killed a siren
    12 | D        | Reached skill level 7 in Fighting
    12 | D        | Reached skill level 8 in Unarmed Combat
    12 | D        | Reached XP level 2. HP: 28/40 MP: 1/1
    12 | D        | Reached XP level 3. HP: 32/46 MP: 2/2
    12 | D        | Reached XP level 4. HP: 38/55 MP: 3/3
    12 | D        | Reached XP level 5. HP: 43/62 MP: 4/4
    12 | D        | Reached XP level 6. HP: 49/71 MP: 5/5
    67 | D        | Noticed a necrophage
    67 | D        | Noticed a necrophage
    67 | D        | Noticed a necrophage
    67 | D        | Noticed a necrophage
    75 | D        | Killed a necrophage
    78 | D        | Killed a necrophage
    78 | D        | Reached skill level 9 in Unarmed Combat
    78 | D        | Reached XP level 7. HP: 79/79 MP: 6/6
    84 | D        | Killed a necrophage
    87 | D        | Killed a necrophage
   111 | D        | Acquired Trog's second power
   139 | D        | Noticed a brain worm
   139 | D        | Noticed a brain worm
   139 | D        | Noticed a brain worm
   139 | D        | Noticed a brain worm
   142 | D        | Killed a brain worm
   142 | D        | Reached skill level 10 in Unarmed Combat
   142 | D        | Lost intelligence.
   146 | D        | Killed a brain worm
   148 | D        | Killed a brain worm
   151 | D        | Killed a brain worm
   151 | D        | Reached XP level 8. HP: 88/91 MP: 7/7
   687 | D        | Found Qaplysta's Antique Armour Shop.
   687 | D        | Found Lacwuxt's Antique Armour Boutique.
   687 | D        | Found Vefishrae's Weapon Boutique.
   687 | D        | Found Taih Nos's Distillery.
   688 | D        | Found Ygygrika's Gadget Shop.
   688 | D        | Found Seiv's Antique Weapon Boutique.
   688 | D        | Found Oplunuh's Distillery.
   688 | D        | Found Jerehasu's Food Boutique.
   689 | D        | Found Gedu's Weapon Boutique.
   689 | D        | Found Zatefewyt's Book Shop.
   690 | D        | Found Ylamm's Antique Weapon Shop.
   690 | D        | Found Denler's Jewellery Boutique.
   691 | D        | Found Zomuanit's Jewellery Boutique.
   691 | D        | Found Gih Hili's Jewellery Shop.
   691 | D        | Noticed a kraken
   691 | D        | Noticed an oklob plant
   692 | D        | Found Vonist's Book Shoppe.
   692 | D        | Found Opsiz's Magic Scroll Boutique.
   694 | D        | Noticed a slime creature
   694 | D        | Noticed a slime creature
   695 | D        | Noticed a slime creature
   697 | D        | Noticed a yak
   697 | D        | Noticed a yak
   698 | D        | Noticed a yak
   705 | D        | Noticed a crocodile
   706 | D        | Bought a runed hat for 108 gold pieces
   713 | D        | Bought a potion of heal wounds for 70 gold pieces
   713 | D        | Bought a potion of heal wounds for 70 gold pieces
   722 | D        | Bought a potion of heal wounds for 60 gold pieces
   722 | D        | Bought a potion of heal wounds for 60 gold pieces
   727 | D        | Bought a cloak for 121 gold pieces
   734 | D        | Bought a wand of fireball (7) for 220 gold pieces
   756 | D        | Killed a crocodile
   762 | D        | Slain by a tentacle

Vault maps used:
D:        the_violet_keep_of_menkaure

Action                   |  1- 3 |  4- 6 |  7- 9 || total
-------------------------+-------+-------+-------++-------
Melee: Unarmed           |     9 |    10 |    28 ||    47
Invok: Berserk           |     1 |     1 |       ||     2
  Eat: Chunk             |       |       |     3 ||     3
       Bread ration      |       |       |     2 ||     2
